 Dungeon Crawl Stone Soup version 0.27.1-33-g824d729ab1 (webtiles) character file.

Game seed: 8533044794424281671

991 styxcanada the Covert (level 7, -2/35 HPs)
             Began as a Spriggan Brigand on Dec 1, 2021.
             Killed from afar by Ijyb (19 damage)
             ... with an iceblast
             ... on level 5 of the Dungeon.
             The game lasted 00:25:59 (5070 turns).

styxcanada the Covert (Spriggan Brigand)            Turns: 5070, Time: 00:25:59

Health: -2/35      AC:  4    Str:  7    XL:     7   Next: 98%
Magic:  13/13      EV: 23    Int: 12    God:
Gold:   1079       SH:  6    Dex: 19    Spells: 9/13 levels left

rFire    . . .     SeeInvis +   a - +2 dagger
rCold    . . .     Faith    .   r - +0 buckler
rNeg     . . .     Spirit   .   b - +0 robe
rPois    .         Reflect  .   (helmet restricted)
rElec    .         Harm     .   c - +1 cloak
rCorr    .         Rampage  .   (gloves unavailable)
Will     +....                  (boots unavailable)
Stlth    ++++......             o - amulet of regeneration
HPRegen  1.11/turn              h - +4 ring of evasion
MPRegen  0.13/turn              (no ring)

@: very quick
A: very small, no large weapons, unfitting armour, see invisible, speed 3
a: no special abilities


You were on level 5 of the Dungeon.
You visited 1 branch of the dungeon, and saw 5 of its levels.

You collected 1079 gold pieces.

Inventory:

Hand Weapons
 a - a +2 dagger (weapon)
 q - a +0 hunting sling
Missiles
 d - 29 poisoned darts (quivered)
 e - a curare-tipped dart
 f - a sling bullet
 s - 67 stones
 u - a throwing net
Armour
 b - a +0 robe (worn)
 c - a +1 cloak (worn)
 r - a +0 buckler (worn)
Jewellery
 h - a +4 ring of evasion (left hand)
 n - a ring of ice
 o - an amulet of regeneration (around neck)
Wands
 g - a wand of charming (7)
Scrolls
 l - 2 scrolls of amnesia
 t - a scroll of teleportation
 y - 2 scrolls of fear {unknown}
Potions
 i - a potion of mutation
 j - a potion of resistance
 k - 3 potions of brilliance
 m - a potion of berserk rage {unknown}
 p - a potion of heal wounds
 v - a potion of curing {unknown}
 w - a potion of ambrosia
 z - a potion of invisibility {unknown}


   Skills:
 * Level 2.8 Fighting
 + Level 4.1 Short Blades
 + Level 1.8(2.8) Slings
 + Level 2.7(2.9) Throwing
 * Level 4.6 Dodging
 * Level 8.4 Stealth
 * Level 0.7 Shields
 * Level 3.8 Spellcasting
 * Level 3.0 Hexes
 * Level 3.5 Evocations


You had 9 spell levels left.
You knew the following spells:

 Your Spells              Type           Power      Damage    Failure   Level
a - Corona                Hex            10%        N/A       11%         1
b - Confusing Touch       Hex            9%         N/A       30%         3

Your spell library contained the following spells:

 Spells                   Type           Power      Damage    Failure   Level
 Slow                     Hex            9%         N/A       16%         2
 Vampiric Draining        Necr           1%         2d6       71%         3


Dungeon Overview and Level Annotations

Branches:
Dungeon (5/15)
 Temple: D:4-7

Altars:
Nemelex Xobeh
Ru
Trog

Shops:
D:2 (

Annotations:
D:5 Blork the orc, Ijyb


Innate Abilities, Weirdness & Mutations

You are very small and have problems with some larger weapons.
You are too small for most types of armour.
You have supernaturally acute eyesight. (SInv)
You cover ground extremely quickly. (Speed+++)


Message History

You hit the water moccasin zombie.
The water moccasin zombie is almost destroyed.
The water moccasin zombie misses you.
You hit the water moccasin zombie.
The water moccasin zombie is almost destroyed.
The water moccasin zombie misses you.
You hit the water moccasin zombie.
You destroy the water moccasin zombie!
Your Hexes skill increases to level 3!
You start waiting.
Done waiting.
Found a potion of brilliance.
k - 3 potions of brilliance (gained 1)
You open the door.
Ijyb and Blork the orc come into view.
Ijyb is wielding a +0 dagger and carrying a wand of iceblast (3).
Ijyb shouts!
Blork the orc shouts!
Throw: 32 darts (poison)
Press: ? - help, Q - select action, (/) - cycle Shift-Dir - straight line, f - Blork the orc
Aim: Blork the orc, wielding a +0 war axe and wearing a +0 robe (66% to hit)
You throw a poisoned dart.
The poisoned dart closely misses Blork the orc.
Blork the orc looks satisfied for a moment.
Throw: 31 darts (poison)
Press: ? - help, Q - select action, (/) - cycle Shift-Dir - straight line, f/p - Blork the orc
Aim: Blork the orc, wielding a +0 war axe and wearing a +0 robe (66% to hit)
You throw a poisoned dart. The poisoned dart closely misses Ijyb.
The poisoned dart hits Blork the orc.
Blork the orc is poisoned.
Ijyb zaps a wand.
The mass of ice explodes!
The iceblast engulfs you!!
Ouch! That really hurt!
Blork the orc looks encouraged for a moment.
You hear an angry growl.
Throw: 30 darts (poison)
Press: ? - help, Q - select action, (/) - cycle Shift-Dir - straight line, f/p - Blork the orc
Aim: Blork the orc, wielding a +0 war axe and wearing a +0 robe (lightly wounded, poisoned, 66% to hit)
You throw a poisoned dart. The poisoned dart hits Ijyb.
Ijyb is poisoned.
Ijyb zaps a wand.
The mass of ice explodes!
The iceblast engulfs you!!
Ouch! That really hurt!
You die...

#.....# .......
#.....# .....
####.##### (..
#........# #o#
#.##.###.# #g# #
#.....# #.# ####..#
##.## #..# ##...##
#.#####..# #..@..#
#........#####...#####
#######...............
################


You could see Blork the orc (poisoned) and Ijyb (poisoned).

Vanquished Creatures
  Sigmund (D:3)
  A water moccasin (D:4)
  An ice beast (D:5)
  2 ogres
  A phantom (D:4)
  2 scorpions
  A water moccasin zombie (D:5)
  A centaur zombie (D:5)
  A jelly (D:4)
  A hound (D:4)
  4 adders
  An ufetubus (D:5)
  A worm (D:2)
  2 dart slugs
  6 orcs
  10 bats
  2 endoplasms
  2 giant cockroaches (D:1)
  8 hobgoblins
  9 jackals
  14 kobolds
  5 quokkas
  5 ball pythons
  2 frilled lizards
  2 goblins
  2 rats (D:1)
87 creatures vanquished.

Vanquished Creatures (collateral kills)
  An orc (D:5)
  A goblin (D:4)
  2 quokkas (D:4)
4 creatures vanquished.

Grand Total: 91 creatures vanquished

Notes
Turn   | Place    | Note
-------+----------+-------------------------------------------
     0 | D:1      | styxcanada the Spriggan Brigand began the quest for the
                  | Orb.
     0 | D:1      | Reached XP level 1. HP: 10/10 MP: 2/2
    28 | D:1      | Reached skill level 6 in Stealth
   269 | D:1      | Found a faded altar of an unknown god.
   287 | D:1      | Got Plato's Catalogue of Bewitchment
   295 | D:1      | Reached XP level 2. HP: 14/14 MP: 3/3
   297 | D:1      | Learned a level 1 spell: Corona
   918 | D:1      | Reached skill level 1 in Spellcasting
  1314 | D:2      | Found Qyvyo's Weapon Shoppe.
  1367 | D:2      | Reached XP level 3. HP: 18/18 MP: 3/5
  1501 | D:2      | You fall into a shaft and drop 1 floor!
  1662 | D:2      | Reached skill level 7 in Stealth
  2154 | D:2      | Identified a scroll of acquirement
  2154 | D:2      | Acquired 906 gold pieces
  2325 | D:3      | Reached XP level 4. HP: 20/23 MP: 5/7
  2357 | D:3      | Learned a level 3 spell: Confusing Touch
  3169 | D:3      | Noticed an ogre
  3195 | D:3      | Killed an ogre
  3196 | D:3      | Reached skill level 1 in Hexes
  3196 | D:3      | Reached skill level 1 in Evocations
  3196 | D:3      | Reached XP level 5. HP: 26/26 MP: 8/8
  3234 | D:3      | Noticed Sigmund
  3325 | D:3      | Killed Sigmund
  3326 | D:3      | Reached XP level 6. HP: 31/31 MP: 8/10
  3574 | D:4      | Found a sacrificial altar of Ru.
  3758 | D:4      | Reached XP level 7. HP: 25/35 MP: 10/12
  3893 | D:4      | Reached skill level 1 in Slings
  3893 | D:4      | Reached skill level 8 in Stealth
  4289 | D:4      | Found a bloodstained altar of Trog.
  4298 | D:4      | Found a sparkling altar of Nemelex Xobeh.
  4396 | D:5      | Entered Level 5 of the Dungeon
  5062 | D:5      | Noticed Ijyb
  5062 | D:5      | Noticed Blork the orc
  5070 | D:5      | Killed from afar by Ijyb

Illustrated notes

Levels and vault maps discovered:
D:1:      roderic_dead_forest, layout_loops_ring,
          shapermc_ecumenical_altar_rom_forum, minmay_misc_feat_four_crosses,
          minmay_box_of_dots
D:2:      layout_rooms, serial_shops, nicolae_shop_competitors_out_of_business,
          minmay_misc_feat_square
D:3:      layout_loops_ring, kennysheep_big_empty_room, minmay_vboxes,
          uniq_sigmund
D:4:      layout_rooms, mainiacjoe_overflow_swirl,
          nicolae_ru_great_annihilating_truth, serial_bayou_pond_e
D:5:      layout_loops_corners, uniq_ijyb, uniq_blork_the_orc

Skill      XL: |  1  2  3  4  5  6  7 |
---------------+----------------------+-----
Stealth        | 6 7 8 |  8.4
Spellcasting   | 1 2 3 |  3.8
Dodging        | 2 3 4 |  4.6
Fighting       | 2 |  2.8
Short Blades   | 3 4 |  4.1
Hexes          | 1 2 3 |  3.0
Evocations     | 1 2 3 |  3.5
Slings         | 1 |  1.8
Throwing       | |  2.7
Shields        | |  0.7

Action                   |  1- 3 |  4- 6 |  7- 9 || total
-------------------------+-------+-------+-------++-------
Melee: Dagger            |   200 |   135 |   112 ||   447
 Fire: Hunting sling     |     3 |     1 |     9 ||    13
Throw: Dart              |    12 |    14 |    22 ||    48
       Stone             |       |     2 |       ||     2
 Cast: Corona            |     2 |     5 |       ||     7
Evoke: Wand              |       |     3 |       ||     3
  Use: Scroll            |     9 |     4 |     1 ||    14
       Potion            |     1 |     3 |     2 ||     6
 Stab: Sleeping          |     9 |     4 |     2 ||    15
       Paralysed         |       |     1 |       ||     1
Armor: Robe              |    23 |    14 |    18 ||    55
       Skin              |    19 |       |       ||    19
Dodge: Dodged            |   156 |   152 |   100 ||   408
Block: Buckler           |       |       |    22 ||    22
